 Dungeon Crawl Stone Soup version 0.27.0-1-g7a089689b8 (webtiles) character file.

Game seed: 14524946447188918525

466 apoch the Chopper (level 6, 0/52 HPs)
             Began as a Minotaur Fighter on Aug 2, 2021.
             Was a Priest of Lugonu.
             Killed from afar by a white imp (6 damage)
             ... with a puff of frost
             ... summoned by Eustachio
             ... on level 4 of the Dungeon.
             The game lasted 00:10:24 (3828 turns).

apoch the Chopper (Minotaur Fighter)                Turns: 3828, Time: 00:10:25

Health: 0/52       AC: 10    Str: 22      XL:     6   Next: 81%
Magic:  8/8        EV:  5    Int:  5      God:    Lugonu [***...]
Gold:   120        SH: 10    Dex:  7 (10) Spells: 5/5 levels left

rFire    . . .     SeeInvis .   a - +1 war axe
rCold    . . .     Faith    .   c - +1 kite shield
rNeg     . . .     Spirit   .   o - +0 chain mail
rPois    .         Reflect  .   (helmet restricted)
rElec    .         Harm     .   n - +0 cloak
rCorr    .         Rampage  .   (no gloves)
Will     .....                  (no boots)
Stlth    ..........             (no amulet)
HPRegen  0.17/turn              (no ring)
MPRegen  0.11/turn              (no ring)

@: mighty, studying Axes
A: horns 2, retaliatory headbutt
a: Renounce Religion, Depart the Abyss, Bend Space, Banish


You were on level 4 of the Dungeon.
You worshipped Lugonu.
Lugonu was most pleased with you.
You visited 1 branch of the dungeon, and saw 4 of its levels.

You collected 120 gold pieces.

Inventory:

Hand Weapons
 a - a +1 war axe (weapon)
 b - a +2 whip of flaming
Missiles
 f - a throwing net
 i - 55 stones (quivered)
Armour
 c - a +1 kite shield (worn)
 n - a +0 cloak (worn)
 o - a +0 chain mail (worn)
 p - a +0 scale mail
Scrolls
 g - 2 scrolls of amnesia
 m - 2 scrolls of identify
Potions
 e - 2 potions of lignification {unknown}
 h - a potion of magic {unknown}
 j - 2 potions of attraction


   Skills:
 - Level 3.7 Fighting
 + Level 7.5 Axes
 - Level 3.7 Armour
 - Level 3.7 Shields
 + Level 4.1 Invocations


You had 5 spell levels left.
You didn't know any spells.
Your spell library contained the following spells:

 Spells                   Type           Power      Damage    Failure   Level
 Sublimation of Blood     Necr           0%         N/A       100%        2
 Inner Flame              Hex/Fire       0%         N/A       100%        3
 Cause Fear               Hex            0%         N/A       100%        4
 Petrify                  Tmut/Erth      0%         N/A       100%        4
 Irradiate                Conj/Tmut      0%         3d14      100%        5
 Discord                  Hex            0%         N/A       100%        8


Dungeon Overview and Level Annotations

Branches:
Dungeon (4/15)
 Temple: D:4-7

Altars:
Kikubaaqudgha
Lugonu

Shops:
D:3 [**[*

Annotations:
D:4 Eustachio


Innate Abilities, Weirdness & Mutations

You have a pair of horns on your head.
You reflexively headbutt those who attack you in melee.


Message History

Eustachio is moderately wounded.
Eustachio hits you with a +0 rapier.
Eustachio mumbles some strange words.
You closely miss Eustachio.
Eustachio is moderately wounded.
You closely miss the white imp.
Eustachio mumbles some strange words.
Eustachio blinks!
The white imp hits you but does no damage.
The white imp grins evilly.
Eustachio casts a spell.
Eustachio blinks!
You block the white imp's attack. The white imp gestures at you.
The puff of frost hits you but does no damage.
The white imp gestures at you. The puff of frost hits you.
* * * LOW HITPOINT WARNING * * *
Eustachio hits you with a +0 rapier.
* * * LOW HITPOINT WARNING * * *
You slash Eustachio! Your headbutt misses Eustachio.
Eustachio is heavily wounded.
The white imp gestures at you. The puff of frost hits you.
* * * LOW HITPOINT WARNING * * *
You block Eustachio's attack.
You closely miss Eustachio.
Eustachio is heavily wounded.
Eustachio casts a spell.
Eustachio blinks!
The white imp gestures at you. You block the puff of frost.
A worm comes into view.
You closely miss Eustachio.
Eustachio is heavily wounded.
Eustachio hits you with a +0 rapier.
* * * LOW HITPOINT WARNING * * *
The white imp gestures at you. The puff of frost hits you.
You die...

#..#..≈................#.###.....
##..............................(
.............w......>...........#
..###...........................#
.##.............(....##......#..#
.................#.#.##......# #
.................###.####.##≈# ##
.................###.# #.##≈# #≈
................@.5#.####†##≈# #≈
.......#..(....@......##..#≈≈# #≈
#......####.......#$......#≈≈# ##
#.................###.....#≈≈####
#.................# ##....#≈##≈##
#.................. ##..##≈##≈#
..#.......##....... #...##≈##≈#
..#.....#####......###....#≈##≈#
.........# ........#...#.#≈#≈≈##


You could see Eustachio, a worm and a white imp (summoned).

Vanquished Creatures
  A black bear (D:4)
  A scorpion (D:4)
  A vampire bat (D:3)
  A hound (D:3)
  A jelly (D:3)
  2 orc wizards (D:3)
  2 adders
  2 worms (D:3)
  A dart slug (D:1)
  3 fire bats (D:3)
  6 orcs
  2 spectral bats (D:3)
  6 ball pythons
  10 bats
  3 bat skeletons (D:3)
  A bat zombie (D:3)
  5 endoplasms
  2 giant cockroaches
  3 goblins
  5 hobgoblins
  8 jackals
  4 kobolds
  A quokka (D:3)
  A bat simulacrum (D:3)
  3 frilled lizards
  7 rats
82 creatures vanquished.

Vanquished Creatures (others)
  10 plants
10 creatures vanquished.

Grand Total: 92 creatures vanquished

Notes
Turn   | Place    | Note
-------+----------+-------------------------------------------
     0 | D:1      | apoch the Minotaur Fighter began the quest for the Orb.
     0 | D:1      | Reached XP level 1. HP: 19/19 MP: 0/0
    27 | D:1      | Reached XP level 2. HP: 24/27 MP: 1/1
    67 | D:1      | Reached skill level 3 in Axes
   597 | D:1      | Reached XP level 3. HP: 27/33 MP: 2/2
   654 | D:1      | Reached skill level 4 in Axes
   997 | D:2      | Found an ancient bone altar of Kikubaaqudgha.
  1998 | D:2      | Found a faded altar of an unknown god.
  2017 | D:2      | Became a worshipper of Lugonu the Unformed
  2017 | D:2      | Reached * piety under Lugonu
  2017 | D:2      | Reached ** piety under Lugonu
  2284 | D:3      | Found Uwenoywk's General Store.
  2292 | D:3      | Reached skill level 1 in Invocations
  2292 | D:3      | Reached XP level 4. HP: 37/40 MP: 3/3
  2449 | D:3      | Reached skill level 5 in Axes
  2462 | D:3      | Reached XP level 5. HP: 8/46 MP: 5/5
  2730 | D:3      | Found Wauluzoo's Antique Armour Emporium.
  2747 | D:3      | Found Biohiagiro's General Store.
  2959 | D:3      | Found Owexae's Assorted Antiques.
  2971 | D:3      | Found Ocziuc's Antique Armour Boutique.
  3331 | D:3      | Reached skill level 6 in Axes
  3365 | D:3      | Reached XP level 6. HP: 52/52 MP: 7/7
  3374 | D:3      | Reached *** piety under Lugonu
  3491 | D:4      | Identified a scroll of acquirement
  3491 | D:4      | Acquired a manual of Axes
  3577 | D:4      | Reached skill level 7 in Axes
  3784 | D:4      | Noticed Eustachio
  3828 | D:4      | Killed from afar by a white imp

Illustrated notes

Levels and vault maps discovered:
D:1:      dpeg_arrival_line_fractal, layout_loops_cross, serial_forest,
          infiniplex_forest_clump_double, infiniplex_forest_lined_corner,
          infiniplex_forest_end_2, infiniplex_forest_clump_cross,
          infiniplex_forest_lined_2, minmay_misc_feat_room
D:2:      layout_basic, basic_altar, shapermc_ecumenical_altar_pompeii,
          serial_bayou_lake_a
D:3:      layout_basic, serial_shops, nicolae_diamond_shop,
          nicolae_shop_overgrown_old_shop, nicolae_shop_trees,
          nicolae_shop_trees, nicolae_shop_crystal, goddamned_bats
D:4:      layout_cave_pools, lightli_temple_of_fire, fedhas_altar_1,
          portal_sewer_entry_d, serial_rivers, chequers_serial_rivers_micro_b,
          chequers_serial_rivers_room_a, chequers_serial_rivers_micro_e,
          chequers_serial_rivers_large_b, chequers_serial_rivers_marsh,
          uniq_eustachio

Skill      XL: |  1  2  3  4  5  6 |
---------------+-------------------+-----
Axes           | 3 4 5 6 7 |  7.5
Invocations    | 1 2 3 4 |  4.1
Fighting       | |  3.7
Armour         | |  3.7
Shields        | |  3.7

Action                   |  1- 3 |  4- 6 || total
-------------------------+-------+-------++-------
Melee: War axe           |    77 |   128 ||   205
       Headbutt          |    10 |    18 ||    28
Throw: Stone             |    13 |    49 ||    62
Invok: Bend Space        |       |     1 ||     1
  Use: Scroll            |       |    11 ||    11
       Potion            |       |     1 ||     1
Armor: Scale mail        |    33 |       ||    33
       Chain mail        |       |   150 ||   150
Dodge: Dodged            |    23 |    63 ||    86
Block: Kite shield       |    34 |   116 ||   150
